 Dungeon Sprint DCSS version 0.28.0-1-gb440e238dd (webtiles) character file.

Game seed: 10202018492340303966

345 boopmooplesden the Fighter (level 6, -10/120 HPs)
             Began as an Ogre Berserker on Feb 26, 2022.
             Was a Believer of Trog.
             Mangled by a boulder beetle (28 damage)
             ... in the Dungeon (Sprint II: "The Violet Keep of Menkaure").
             The game lasted 00:00:38 (241 turns).

boopmooplesden the Fighter (Ogre Berserker)          Turns: 241, Time: 00:00:38

Health: -10/120    AC:  3    Str: 24    XL:     6   Next: 58%
Magic:  6/6        EV: 11    Int:  8    God:    Trog [**....]
Gold:   243        SH:  0    Dex:  8    Spells: 5/5 levels left

rFire   . . .      SeeInvis .   a - +0 hand axe
rCold   . . .      Faith    .   (no shield)
rNeg    . . .      Spirit   .   b - +0 animal skin
rPois   .          Reflect  .   (helmet restricted)
rElec   .          Harm     .   (no cloak)
rCorr   .          Rampage  .   (gloves unavailable)
Will    .....      NoTele   +   (boots unavailable)
Stlth   ..........              (no amulet)
HPRegen 0.30/turn               (no ring)
MPRegen 0.10/turn               (no ring)

@: berserking, very quick
A: large, unfitting armour, tough skin 1
a: Renounce Religion, Berserk, Trog's Hand


You were in the Dungeon.
You worshipped Trog.
Trog was pleased with you.
You visited 1 branch You collected 243 gold pieces.

Inventory:

Hand Weapons
 a - a +0 hand axe (weapon)
Armour
 b - a +0 animal skin (worn)
Scrolls
 h - a scroll of blinking
Potions
 c - a potion of curing
 d - a potion of heal wounds
 e - a potion of haste
 f - 2 potions of magic
 g - a potion of berserk rage


   Skills:
 + Level 11.0 Fighting
 + Level 8.4 Axes
 + Level 7.6 Dodging


You had 5 spell levels left.
You didn't know any spells.
Your spell library was empty.

Dungeon Overview and Level Annotations

Branches:
Dungeon (1/1)

Altars:
Uskayaw
Yredelemnul
Zin
The Shining One


Innate Abilities, Weirdness & Mutations

You are too large for most types of armour.
You have tough skin. (AC +1)


Message History

You open the door.
There is an open door here.
You see here a necrophage skeleton.
There is an open door here.
Really walk into a travel-excluded area?
You are engulfed in a cloud of scalding steam.
Found a glowing silver altar of Zin.
Found three altars.
Really walk into a travel-excluded area? [Y]es or [N]o only, please.
Really walk into a travel-excluded area?
There is an open door here.
You see here a necrophage skeleton.
There is an open door here.
You open the door. 2 boulder beetles come into view.
Found 243 gold pieces.
The boulder beetle bites you. The boulder beetle bites you!
There is an open door here.
There's a creature in the doorway!
The boulder beetle curls into a ball and begins rolling!
There is an open door here.
A red film seems to cover your vision as you go berserk!
You feel yourself moving faster!
You feel mighty!
You feel a strong urge to attack something.
The boulder beetle hits you!!!
The boulder beetle stops rolling and uncurls.
You see here a necrophage skeleton.
You hit the boulder beetle but do no damage.
You barely miss the boulder beetle. The boulder beetle bites you.
You hit the boulder beetle but do no damage.
The boulder beetle leaps!
The boulder beetle bites you!!
* * * LOW HITPOINT WARNING * * *
You slash the boulder beetle!
The boulder beetle is lightly wounded.
You hit the boulder beetle.
The boulder beetle is lightly wounded.
The boulder beetle curls into a ball and begins rolling!
The boulder beetle bites you!!
You die...

++ .. .. .#### ...#
###..## #+###.##..#
##.##...#..#
+B<°B@##'..###
##.##÷..#....#
#'###.##...§..≈≈≈≈
#B#$####≈≈.....≈#+#
#..
..#≈≈≈≈≈§§..≈#._
##.
.##≈≈≈≈≈≈≈§.≈#.. ##
##≈≈≈≈≈≈≈≈≈≈≈#._
≈≈≈≈≈≈≈≈≈§≈≈≈#_.
+++#≈≈≈≈≈≈≈≈≈#._


You could see 2 boulder beetles.

Vanquished Creatures
  4 necrophages (D)
4 creatures vanquished.

Vanquished Creatures (others)
  Menkaure (D)
1 creature vanquished.

Grand Total: 5 creatures vanquished

Notes
Turn   | Place    | Note
-------+----------+-------------------------------------------
     0 | D        | boopmooplesden the Ogre Berserker began the quest for the
                  | Orb.
     0 | D        | Reached XP level 1. HP: 24/24 MP: 1/1
     1 | D        | Noticed a necrophage
     1 | D        | Noticed a necrophage
     1 | D        | Noticed a necrophage
     1 | D        | Noticed a necrophage
     6 | D        | Killed a necrophage
     7 | D        | Reached skill level 7 in Fighting
     7 | D        | Reached skill level 5 in Axes
     7 | D        | Reached skill level 5 in Dodging
     7 | D        | Reached XP level 2. HP: 40/40 MP: 2/2
     7 | D        | Reached XP level 3. HP: 46/46 MP: 3/3
     7 | D        | Reached XP level 4. HP: 55/55 MP: 4/4
    11 | D        | Killed a necrophage
    12 | D        | Reached skill level 9 in Fighting
    12 | D        | Reached XP level 5. HP: 67/67 MP: 5/5
    16 | D        | Killed a necrophage
    16 | D        | Reached ** piety under Trog
    17 | D        | Reached skill level 10 in Fighting
    17 | D        | Reached XP level 6. HP: 78/78 MP: 6/6
    21 | D        | Killed a necrophage
    22 | D        | Reached skill level 11 in Fighting
    51 | D        | Noticed Menkaure
    84 | D        | Killed Menkaure
   219 | D        | Found a glowing silver altar of Zin.
   220 | D        | Found a glowing golden altar of the Shining One.
   220 | D        | Found a basalt altar of Yredelemnul.
   220 | D        | Found a hide-covered altar of Uskayaw.
   230 | D        | Noticed a boulder beetle
   230 | D        | Noticed a boulder beetle
   241 | D        | Mangled by a boulder beetle

Illustrated notes

Levels and vault maps discovered:
D:        the_violet_keep_of_menkaure [sprint2_stairs_cluster_1,
          sprint2_shoproom, sprint2_temple, sprint2_basic_supplies,
          sprint2_obstacle_4, sprint2_obstacle_1, sprint2_obstacle_2,
          sprint2_obstacle_7, sprint2_obstacle_3, sprint2_timed_cluster_1,
          sprint2_smallroom_cluster_1, sprint2_smallroom_final_cluster_1,
          sprint2_transparent_cluster_1, sprint2_second_timed_cluster_1,
          sprint2_sniper_area_1, sprint2_heavy_combat_area_1,
          sprint2_mutation_trap_area_1, sprint2_forest_area_1,
          sprint2_light_combat_area_1, sprint2_behind_water_1,
          sprint2_near_end_vault_1]

Skill      XL: |  1  2  3  4  5  6 |
---------------+-------------------+-----
Fighting       | 7 9 10 11 | 11.0
Axes           | 5 6 7 8 |  8.4
Dodging        | 5 6 7 |  7.6

Action                   |  1- 3 |  4- 6 || total
-------------------------+-------+-------++-------
Melee: Hand axe          |     4 |    20 ||    24
Invok: Berserk           |     1 |     1 ||     2
Armor: Animal skin       |       |     1 ||     1
Dodge: Dodged            |     1 |     3 ||     4
